 Dungeon Crawl Stone Soup version 0.30-a0-49-g1cef19eb02 (webtiles) character file.

Game seed: 7966990889362798642

12588 purpskrrrp the Basher (level 11, -2/87 HPs)
             Began as a Demonspawn Abyssal Knight on Sept 2, 2022.
             Was an Elder of Lugonu.
             Slain by a vampire (8 damage)
             ... on level 12 of the Dungeon.
             The game lasted 01:03:56 (17901 turns).

purpskrrrp the Basher (Demonspawn Abyssal Knight)  Turns: 17901, Time: 01:03:57

Health: -2/87      AC: 11    Str: 18    XL:     11   Next: 64%
Magic:  18/18      EV: 12    Int: 11    God:    Lugonu [****..]
Gold:   721        SH:  0    Dex: 14    Spells: 10/10 levels left

rFire   . . .      SeeInvis .    F - +5 dire flail (venom)
rCold   + . .      Faith    +    (shield currently unavailable)
rNeg    . . .      Spirit   .    E - +0 scale mail {Will+}
rPois   .          Reflect  .    (helmet restricted)
rElec   .          Harm     .    w - +0 cloak
rCorr   .          Rampage  .    l - +0 pair of gloves
Will    +....                    y - +0 pair of boots
Stlth   ..........               t - amulet of faith
HPRegen 0.24/turn                z - ring of protection from cold
MPRegen 0.32/turn                (no ring)

@: confused, mighty, ambrosia-drunk
A: antennae 1, foul stench 1, magic regeneration, weakness stinger 2, demonic
touch 1
a: Renounce Religion, Depart the Abyss, Bend Space, Banish, Corrupt


You were on level 12 of the Dungeon.
You worshipped Lugonu.
Lugonu was greatly pleased with you.
You visited 1 branch of the dungeon, and saw 12 of its levels.
You visited the Abyss 1 time.

You collected 721 gold pieces.

Inventory:

Hand Weapons
 a - a +1 mace
 j - a +1 morningstar of venom
 F - a +5 dire flail of venom (weapon)
Armour
 b - a +1 leather armour
 d - a +0 helmet
 i - a +1 scale mail
 l - a +0 pair of gloves (worn)
 w - a +0 cloak (worn)
 y - a +0 pair of boots (worn)
 E - a +0 scale mail of willpower (worn)
Jewellery
 t - an amulet of faith (around neck)
 u - an amulet of guardian spirit
 z - a ring of protection from cold (left hand)
 D - a +4 ring of evasion
Wands
 c - a wand of roots (1)
 m - a wand of flame (13)
 q - a wand of paralysis (3)
 s - a wand of digging (17)
Scrolls
 k - 3 scrolls of teleportation
 p - a scroll of brand weapon
 B - a scroll of magic mapping
 K - a scroll of poison
Potions
 e - 3 potions of invisibility
 f - 3 potions of curing
 g - 5 potions of attraction
 h - 2 potions of might
 n - 3 potions of lignification
 o - a potion of degeneration
 r - a potion of brilliance {unknown}
 v - a potion of ambrosia
 x - a potion of mutation {unknown}
 A - 2 potions of flight
 C - a potion of cancellation {unknown}
 H - 4 potions of resistance
Miscellaneous
 J - a condenser vane
 L - a condenser vane


   Skills:
 + Level 8.3 Fighting
 * Level 10.2 Maces & Flails
 + Level 7.3 Armour
 + Level 7.0 Dodging
 + Level 10.2 Invocations


You had 10 spell levels left.
You didn't know any spells.
Your spell library contained the following spells:

 Spells                   Type           Power      Damage    Failure   Level
 Ensorcelled Hibernation  Hex/Ice        0%         N/A       83%         2
 Dazzling Flash           Conj/Hex       0%         N/A       96%         3
 Frozen Ramparts          Ice            0%         1d1       96%         3
 Spider Form              Tmut/Pois      0%         N/A       96%         3
 Anguish                  Hex/Necr       0%         N/A       100%        4
 Ice Form                 Ice/Tmut       0%         N/A       100%        4
 Iskenderun's Mystic Bla  Conj/Tloc      0%         2d3       100%        4
 Summon Ice Beast         Ice/Summ       0%         N/A       100%        4
 Dispersal                Tloc           0%         N/A       100%        6
 Starburst                Conj/Fire      0%         6d3       100%        6
 Disjunction              Tloc           0%         N/A       100%        8


Dungeon Overview and Level Annotations

Branches:
Dungeon (12/15)            Temple (0/1) D:7            Lair (0/5) D:9
    Orc (0/2) D:11

Altars:
Dithmenos
Hepliaklqana
Kikubaaqudgha
Ru
Trog
Xom

Shops:
D:1 *

Annotations:
D:8 corrupted
Abyss:1 Duvessa


Innate Abilities, Weirdness & Mutations

You have a pair of small antennae on your head.
You may rarely emit foul miasma when damaged in melee.
You regenerate magic rapidly.
You have a tail ending in a sharp stinger.
Your touch may inflict minor irresistible damage on your foes.


Message History

You hit something.
Your tail-slap misses something.
Something barely misses you. Something bites you.
Something draws strength from your injuries!
You hit something but do no damage.
Your tail-slap misses something.
Something hits you. Something bites you.
Something draws strength from your injuries!
You miss something. Something hits you but does no damage. Something bites you!
* * * LOW HITPOINT WARNING * * *
Something draws strength from your injuries!
You can't see any enemies this would affect, really read the scroll of fear?
As you read the scroll of fear, it crumbles to dust.
You assume a fearsome visage.
Nothing appears to happen.
Something hits you.
* * * LOW HITPOINT WARNING * * *
Something bites you but does no damage.
You feel much better. Something hits you but does no damage.
Something bites you.
* * * LOW HITPOINT WARNING * * *
Something draws strength from your injuries!
You emit a cloud of foul miasma!
You feel much better. Something hits you. Something bites you.
Something draws strength from your injuries!
You feel very mighty all of a sudden. Something hits you!
Something bites you but does no damage.
You thump something! Something hits you but does no damage.
Something bites you but does no damage.
You impale something!!
Your tail-slap misses something.
You barely miss something. Something hits you. Something bites you.
Something draws strength from your injuries!
You barely miss something. Something draws life force from you!
* * * LOW HITPOINT WARNING * * *
You barely miss something. Something hits you!
* * * LOW HITPOINT WARNING * * *
Something bites you.
* * * LOW HITPOINT WARNING * * *
Something draws strength from your injuries!
You are confused.
You feel invigorated. Something draws life force from you!
* * * LOW HITPOINT WARNING * * *
You barely miss something.
Your tail-slap misses something.
Something hits you!
You die...

#.....# #. #.##### #. #.#
######### #. ###'### #........
#. #..<..# #........ ###+
#.####### #.....<.. #...
#.....'.#####........ #...
#.###.#.....'........ +...
#.#...#######@{...... #...
#.#.### ##+###### #... #.....#
#.# #... ####'## ##.. ####
#...# #.. ###### ###'#######
#.# #.....
#.........###.######### ##'####
#.........##..........###......
#.........##............#......


There were no monsters in sight!

Vanquished Creatures
  A cyclops (D:11)
  2 gargoyles
  Maurice (D:11)
  A kobold demonologist (D:10)
  4 trolls
  Prince Ribbit (D:8)
  A wraith (D:11)
  A vampire (D:9)
  A shadow (D:9)
  A wyvern (D:11)
  5 yaks (D:10)
  Grum (D:8)
  A basilisk (D:11)
  2 steam dragons (D:8)
  3 vampire mosquitoes (D:11)
  3 acid dragons
  3 water moccasins
  4 orc warriors
  3 black bears
  An ice beast (D:7)
  2 sky beasts (D:7)
  An ogre (D:5)
  4 wolves
  2 centaurs
  A phantom (D:4)
  3 kobold brigands
  4 bullfrogs
  2 gnoll sergeants
  A necrophage (D:6)
  8 wights
  Dowan (D:7)
  5 killer bees (D:11)
  7 electric eels
  3 howler monkeys (D:8)
  4 hounds
  A gnoll bouda (D:7)
  4 orc priests
  An iguana (D:6)
  4 orc wizards
  Robin (D:4)
  20 gnolls
  4 adders
  A shadow imp (D:5)
  An ufetubus (D:6)
  2 worms
  3 dart slugs
  44 orcs
  6 ball pythons
  8 endoplasms
  3 giant cockroaches
  16 goblins
  14 hobgoblins
  7 jackals
  16 kobolds
  4 quokkas
  7 bats
  A frilled lizard (D:3)
  3 rats
259 creatures vanquished.

Vanquished Creatures (others)
  An orc warrior (D:8)
  A wolf (D:8)
  A kobold brigand (D:8)
  An orc priest (D:8)
  3 orcs (D:8)
  7 kobolds (D:8)
  2 starspawn tentacles (D:8)
16 creatures vanquished.

Grand Total: 275 creatures vanquished

Notes
Turn   | Place    | Note
-------+----------+-------------------------------------------
     0 | Abyss:1  | purpskrrrp the Demonspawn Abyssal Knight began the quest
                  | for the Orb.
     0 | Abyss:1  | Reached XP level 1. HP: 18/18 MP: 2/2
   217 | Abyss:1  | Noticed a thrashing horror
   218 | D:1      | Escaped the Abyss
   266 | D:1      | Reached skill level 1 in Dodging
   356 | D:1      | Discovered your monstrous ancestry.
   356 | D:1      | Gained mutation: You have a small tail. [demonic ancestry]
   356 | D:1      | Reached XP level 2. HP: 18/24 MP: 4/4
   436 | D:1      | Reached ** piety under Lugonu
   650 | D:1      | Found Magexza's General Store.
  1579 | D:2      | Found a faded altar of an unknown god.
  1581 | D:2      | Reached XP level 3. HP: 29/29 MP: 5/5
  3143 | D:3      | Gained mutation: You have a tail ending in a sharp stinger.
                  | [demonic ancestry]
  3143 | D:3      | Reached XP level 4. HP: 17/35 MP: 6/6
  3803 | D:3      | Gained mutation: You may rarely emit foul miasma when
                  | damaged in melee. [demonic ancestry]
  3803 | D:3      | Reached XP level 5. HP: 21/41 MP: 7/7
  4229 | D:3      | Reached *** piety under Lugonu
  4588 | D:4      | Noticed a black bear
  4604 | D:4      | Killed a black bear
  4605 | D:4      | Reached XP level 6. HP: 22/48 MP: 8/8
  4789 | D:4      | Noticed Robin
  4793 | D:4      | Killed Robin
  5213 | D:5      | Entered Level 5 of the Dungeon
  5349 | D:5      | Reached XP level 7. HP: 55/55 MP: 5/10
  5966 | D:5      | Found a bloodstained altar of Trog.
  5974 | D:5      | Found a sacrificial altar of Ru.
  6143 | D:5      | Found a hazy altar of Hepliaklqana.
  6144 | D:5      | Found a shadowy altar of Dithmenos.
  6147 | D:5      | Found a shimmering altar of Xom.
  6462 | D:6      | Reached skill level 5 in Invocations
  6681 | D:6      | Reached skill level 5 in Maces & Flails
  6681 | D:6      | Gained mutation: You have a pair of small antennae on your
                  | head. [demonic ancestry]
  6681 | D:6      | Reached XP level 8. HP: 45/61 MP: 10/12
  7160 | D:6      | Reached skill level 5 in Fighting
  7406 | D:6      | Found an ancient bone altar of Kikubaaqudgha.
  7622 | D:7      | Found a staircase to the Ecumenical Temple.
  7817 | D:7      | Reached **** piety under Lugonu
  8019 | D:7      | Noticed Dowan
  8021 | D:7      | Noticed Duvessa
  8028 | D:7      | Banished Duvessa
  8030 | D:7      | Killed Dowan
  8035 | D:7      | Reached XP level 9. HP: 53/69 MP: 5/13
  8775 | D:7      | Reached skill level 5 in Armour
  9047 | D:8      | Corrupted D:8
  9047 | D:8      | Noticed a black mamba
  9047 | D:8      | a shapeshifter changed into a black mamba
  9047 | D:8      | Noticed a starcursed mass
  9047 | D:8      | Noticed a large abomination
  9048 | D:8      | Noticed a tentacled starspawn
  9259 | D:8      | Noticed Prince Ribbit
  9267 | D:8      | Killed Prince Ribbit
  9413 | D:8      | Noticed Grum
  9420 | D:8      | Killed Grum
  9786 | D:8      | Reached skill level 5 in Dodging
 10796 | D:9      | Noticed a two-headed ogre
 10802 | D:9      | Noticed a troll
 10811 | D:9      | Killed a troll
 10812 | D:9      | Gained mutation: You regenerate magic rapidly. [demonic
                  | ancestry]
 10812 | D:9      | Reached XP level 10. HP: 23/77 MP: 14/16
 10814 | D:9      | Banished a two-headed ogre
 11195 | D:9      | Found a staircase to the Lair.
 12695 | D:10     | Entered Level 10 of the Dungeon
 13192 | D:10     | Noticed a cyclops
 13201 | D:10     | Noticed an orange demon
 13210 | D:10     | Banished a cyclops
 13900 | D:10     | Noticed a gargoyle
 13907 | D:10     | Noticed a two-headed ogre
 13914 | D:10     | Killed a gargoyle
 13915 | D:10     | Gained mutation: Your touch may inflict minor irresistible
                  | damage on your foes. [demonic ancestry]
 13915 | D:10     | Reached XP level 11. HP: 34/85 MP: 18/18
 13915 | D:10     | Banished a two-headed ogre
 14592 | D:11     | HP: 6/127 [vampire mosquito (1)]
 14594 | D:11     | HP: 2/129 [vampire mosquito (3)]
 15111 | D:11     | Noticed a two-headed ogre
 15115 | D:11     | Banished a two-headed ogre
 15298 | D:11     | Noticed an orc knight
 15305 | D:11     | Banished an orc knight
 15307 | D:11     | Found a staircase to the Orcish Mines.
 15320 | D:11     | Reached skill level 10 in Invocations
 15346 | D:11     | Reached skill level 10 in Maces & Flails
 16243 | D:11     | Noticed Maurice
 16259 | D:11     | Killed Maurice
 17653 | D:12     | Identified the +4 dagger of Caidgh {speed, rF+ rC+ Dex+4}
 17900 | D:12     | HP: 3/87 [something (10)]
 17901 | D:12     | Slain by a vampire

Illustrated notes

Levels and vault maps discovered:
D:1:      eino_arrival_water_star, layout_basic, serial_shops, shop,
          minivault_24
D:2:      layout_loops_corners, hellmonk_ecumenical_altar_dog_temple,
          kennysheep_crisscross
D:3:      layout_loops_ring, elyvilon_altar_5
D:4:      layout_rooms, uniq_robin
D:5:      layout_gridville, nicolae_overflow_hidden_temple,
          mainiacjoe_overflow_catwalk_spiral
D:6:      layout_loops_cross, nicolae_kikubaaqudgha_miasma_corner,
          minmay_misc_feat_five, minmay_fountain_box, hex_medium,
          corexii_leaking_fountain
D:7:      layout_rooms, minmay_temple_entry_junction,
          chequers_serial_rivers_micro_a, uniq_duvessa
D:8:      layout_basic, nicolae_straight_to_the_point, uniq_grum,
          uniq_prince_ribbit1
D:9:      layout_rooms, erik_lair_island, kennysheep_doodads,
          kennysheep_pointless_box
D:10:     layout_rooms, grunt_ministairs_13, kennysheep_generic_room_12
D:11:     layout_basic, david_orc_5, fountainhead, uniq_maurice
D:12:     layout_roguey

Skill      XL: |  1  2  3  4  5  6  7  8  9 10 11 |
---------------+----------------------------------+-----
Dodging        | 1 2 3 4 5 6 7 |  7.0
Armour         | 2 3 4 5 6 7 |  7.3
Maces & Flails | 2 3 4 5 6 7 9 10 | 10.2
Invocations    | 3 4 5 6 8 9 10 | 10.2
Fighting       | 4 5 6 7 8 |  8.3

Action                   |  1- 3 |  4- 6 |  7- 9 | 10-12 || total
-------------------------+-------+-------+-------+-------++-------
Melee: Mace              |   128 |    38 |       |       ||   166
       Tailslap          |     9 |    17 |    40 |    44 ||   110
       Morningstar       |       |    68 |   237 |    62 ||   367
       Punch             |       |     2 |     1 |       ||     3
       Dire flail        |       |       |       |   258 ||   258
Invok: Depart the Abyss  |     1 |       |       |       ||     1
       Banish            |       |     1 |     8 |    10 ||    19
       Corrupt           |       |       |     1 |       ||     1
       Bend Space        |       |       |       |     3 ||     3
Evoke: Wand              |       |    10 |     8 |    16 ||    34
  Use: Scroll            |    10 |     3 |    10 |     7 ||    30
       Potion            |     1 |     4 |     5 |     9 ||    19
 Stab: Sleeping          |     3 |       |       |       ||     3
Armor: Leather armour    |    54 |    21 |       |       ||    75
       Scale mail        |       |    36 |   116 |   117 ||   269
Dodge: Dodged            |    94 |    67 |   154 |   196 ||   511

Table legend: (Time is in decaauts)
 A = Elapsed time spent in this place.
 B = Non-inter-level travel time spent in this place.
 C = Inter-level travel time spent in this place.
 D = Time resting spent in this place.
 E = Time spent auto-exploring this place.
 F = Levels seen in this place.
 G = Mean time per level.
                   A        B        C        D        E       F      G
               +--------+--------+--------+--------+--------+-----+--------+
         Total |  18004 |  17331 |    673 |   6880 |   8147 |  13 | 1384.9 |
       Dungeon |  17786 |  17113 |    673 |   6880 |   7931 |  12 | 1482.2 |
         Abyss |    218 |    218 |      0 |      0 |    216 |   1 |  218.0 |
               +--------+--------+--------+--------+--------+-----+--------+

Top non-repeatable levels by time:
    D:11: 3122 daAuts
     D:8: 2107 daAuts
    D:10: 1719 daAuts
     D:9: 1717 daAuts
     D:2: 1529 daAuts
     D:3: 1511 daAuts
     D:1: 1374 daAuts
     D:6: 1303 daAuts
     D:7: 1282 daAuts
     D:5: 1180 daAuts
     D:4: 648 daAuts
    D:12: 291 daAuts
 Abyss:1: 218 daAuts
